 Dungeon Crawl Stone Soup version 0.31.0-32-g396128a36d (webtiles) character file.

Game seed: 11590481543345331066

58 PaiMei the Grave Robber (level 3, -2/24 HPs)
             Began as a Demonspawn Necromancer on Apr 5, 2024.
             Succumbed to a kobold brigand's poison
             ... on level 3 of the Dungeon.
             The game lasted 00:02:31 (2211 turns).

PaiMei the Grave Robber (Demonspawn Necromancer)    Turns: 2211, Time: 00:02:32

Health: -2/24      AC:  2    Str:  8    XL:     3   Next: 75%
Magic:  3/6        EV: 12    Int: 17    God:
Gold:   188        SH:  0    Dex: 13    Spells: 6/7 levels left

rFire   . . .        c - staff of death
rCold   . . .        (no shield)
rNeg    + . .        a - +0 robe
rPois   .            (no helmet)
rElec   .            (no cloak)
rCorr   .            (no gloves)
SInv    .            (no boots)
Will    .....        (no amulet)
Stlth   ++           (no ring)
HPRegen 0.24/turn    (no ring)
MPRegen 0.10/turn

%: no passive effects
@: lethally poisoned (-2 -> -24)
A: claws 1, powered by death 1
a: no special abilities


You were on level 3 of the Dungeon.
You visited 1 branch of the dungeon, and saw 3 of its levels.

You collected 188 gold pieces.

Inventory:

Hand Weapons
 h - a +2 dagger of freezing
Armour
 a - a +0 robe (worn)
Magical Staves
 c - a staff of death (weapon)
Scrolls
 f - a scroll of brand weapon {unknown}
 g - a scroll of noise {unknown}
 l - 3 scrolls of fog {unknown}
 n - a scroll of identify {unknown}
 p - a scroll of teleportation {unknown}
 r - a scroll of immolation {unknown}
Potions
 b - a potion of magic
 d - a potion of lignification {unknown}
 e - a potion of ambrosia {unknown}
 i - 3 potions of curing {unknown}
 j - a potion of mutation {unknown}
 k - a potion of heal wounds {unknown}
 m - 2 potions of cancellation {unknown}
 o - a potion of attraction {unknown}
 q - a potion of degeneration {unknown}


   Skills:
 + Level 2.3 Dodging
 + Level 2.5 Stealth
 + Level 2.6 Spellcasting
 + Level 4.8 Necromancy


You had 6 spell levels left.
You knew the following spells:

 Your Spells              Type           Power      Damage    Failure   Level
a - Necrotise             Necr           100%       1d9       2%          1

Your spell library contained the following spells:

 Spells                   Type           Power      Damage    Failure   Level
 Sublimation of Blood     Necr           28%        N/A       3%          2
 Kiss of Death            Conj/Necr      60%        2d10      7%          1
 Vampiric Draining        Necr           28%        2d8       8%          3
 Animate Dead             Necr           28%        N/A       24%         4
 Dispel Undead            Necr           28%        3d13      24%         4
 Call Imp                 Summ           4%         N/A       28%         2
 Confusing Touch          Hex            2%         N/A       50%         3
 Curse of Agony           Necr           28%        N/A       56%         5
 Summon Hydra             Summ           1%         N/A       100%        7


Dungeon Overview and Level Annotations

Branches:
Dungeon (3/15)

Altars:
Nemelex Xobeh

Shops:
D:2 (


Innate Abilities, Weirdness & Mutations

You have sharp fingernails.
You regenerate a little health from kills.


Message History

Confirm with . or Enter, or press ? or * to list all spells.
You don't know that spell.
Casting: Necrotise (safe; 2% risk of failure)
Confirm with . or Enter, or press ? or * to list all spells.
You don't know that spell.
You closely miss the kobold brigand.
The kobold brigand is lightly wounded.
A kobold comes into view. It is wielding a +0 dagger.
The kobold brigand misses you.
Your kobold skeleton closely misses the kobold brigand.
You hit the kobold brigand but do no damage.
The kobold brigand writhes in agony.
The kobold brigand is moderately wounded.
The kobold brigand hits you with a +1 dagger of venom.
Your kobold skeleton closely misses the kobold brigand.
You hit the kobold brigand but do no damage.
The kobold brigand is moderately wounded.
The kobold brigand barely misses you.
Your kobold skeleton barely misses the kobold brigand.
The kobold brigand hits you with a +1 dagger of venom!
You are lethally poisoned!
Something hits your kobold skeleton.
Your magical contamination has completely faded away.
You hit the kobold brigand.
The kobold brigand writhes in agony.
The kobold brigand is heavily wounded.
* * * LOW HITPOINT WARNING * * *
You feel very sick.
Your kobold skeleton hits the kobold brigand.
Something hits your kobold skeleton.
Your kobold skeleton is destroyed!
The kobold brigand hits you with a +1 dagger of venom.
* * * LOW HITPOINT WARNING * * *
You are more poisoned.
Casting: Necrotise (safe; 2% risk of failure)
Confirm with . or Enter, or press ? or * to list all spells.
Aiming: Necrotise (safe; 2% risk of failure)
Press: ? - help, Shift-Dir - straight line, f/p - kobold brigand
Aim: a kobold brigand, wielding a +1 dagger of venom and quivering poisoned darts (heavily wounded, chance to affect: 83%)
You feel a surge of power!
The kobold brigand writhes in agony.
You die...

#. #.##
#######
#... ##
##.....#
..##.
##.......
....
#........
#.)
+........
#K#
#........
#@#
##.......
#####.#####
##.....#
#.........#
##...##
#.###.###.#
##'##
#.###.# #.#
#...#.# #.#
###.#.#
######.##
#.#.#
#....[..##
#.#####.#.#
#.##.....#


You could see a kobold brigand.

Vanquished Creatures
  2 dart slugs
  A ribbon worm (D:3)
  7 endoplasms
  A giant cockroach (D:2)
  4 goblins
  4 hobgoblins
  2 jackals (D:1)
  A quokka (D:2)
  3 ball pythons
  2 bats (D:2)
  3 frilled lizards (D:1)
  5 kobolds
  5 rats
40 creatures vanquished.

Vanquished Creatures (collateral kills)
  A dart slug (D:1)
  A ball python (D:1)
  A hobgoblin (D:2)
  2 jackals (D:1)
5 creatures vanquished.

Grand Total: 45 creatures vanquished

Notes
Turn   | Place    | Note
-------+----------+-------------------------------------------
     0 | D:1      | PaiMei the Demonspawn Necromancer began the quest for the
                  | Orb.
     0 | D:1      | Reached XP level 1. HP: 13/13 MP: 3/3
    73 | D:1      | Found a faded altar of an unknown god.
   176 | D:1      | Gained mutation: You regenerate a little health from kills.
                  | [demonic ancestry]
   176 | D:1      | Reached XP level 2. HP: 17/19 MP: 0/5
   564 | D:1      | Discovered your monstrous ancestry.
   564 | D:1      | Gained mutation: You have sharp fingernails. [demonic
                  | ancestry]
   564 | D:1      | Reached XP level 3. HP: 24/24 MP: 4/6
  1027 | D:2      | Found Foawaif's Weapon Emporium.
  1677 | D:3      | Found a sparkling altar of Nemelex Xobeh.
  2114 | D:3      | Noticed a kobold brigand
  2115 | D:3      | Noticed a kobold brigand
  2211 | D:3      | Succumbed to a kobold brigand's poison

Illustrated notes

Levels and vault maps discovered:
D:1:      minmay_arrival_pointy, layout_basic,
          shapermc_ecumenical_altar_starsandcircs, minmay_tromino_i4
D:2:      layout_basic, serial_shops, shop, minmay_splitting_lines
D:3:      cheibrodos_thug_alley, layout_loops_corners, amcnicky_altar_gilded,
          gammafunk_temple_overflow_elements, minmay_strange_pillars

Skill      XL: |  1 |
---------------+----+-----
Stealth        | 2 |  2.5
Dodging        | 2 |  2.3
Spellcasting   | |  2.6
Necromancy     | |  4.8

Action                     || total
---------------------------++-------
  Melee: Staff             ||    39
   Cast: Necrotise         ||    65
 Armour: Robe              ||    25
  Dodge: Dodged            ||    32
